Map: King Sejong Station LE

Players

lIlIlIlIlIlI

  • Race: Terran Terran
  • League: Grandmaster

LiquidSnute (Snute) - Winner!

  • Race: Zerg Zerg
  • League: Grandmaster

VOD

Have the link to the VOD?

Description

Time

  • Played on: May 27, 2016, 9:56 a.m.
  • Length: 20:03
Show
View Real Time Build Order
Export as new Build Order

lIlIlIlIlIlI Terran 

Build Orders: Reaper Expand, MMM Bio 

Get SALT Encoding   

  12  0:00  SCV  
  13  0:13  SCV  
  14  0:18  Supply Depot  
  14  0:25  SCV  
  15  0:39  SCV  
  15  0:41  Barracks  
  16  0:44  Refinery  
  16  0:51  SCV  
  17  1:03  SCV  
  18  1:15  SCV  
  19  1:28  Reaper  
  19  1:29  Orbital Command  
  20  1:41  Command Center  
  20  1:50  Supply Depot  
  20  1:55  SCV  
  20  1:58  Refinery  
  20  2:00  Marine  
  22  2:07  SCV  
  23  2:14  Factory  
  23  2:18  Marine  
  23  2:19  SCV  
  25  2:31  SCV  
  25  2:36  Marine  
  27  2:43  SCV  
  28  2:55  SCV  
  28  2:56  Orbital Command  
  28  2:57  Factory Tech Lab, Barracks Reactor  
  28  2:58  Starport  
  29  3:02  Bunker  
  29  3:07  SCV  
  30  3:17  Siege Tank  
  34  3:20  SCV  
  34  3:22  SCV  
  34  3:26  Supply Depot  
  35  3:28  Supply Depot  
  35  3:32  SCV  
  35  3:33  Marine x2  
  37  3:34  SCV  
  37  3:38  Medivac  
  40  3:44  SCV  
  40  3:45  Supply Depot  
  40  3:46  SCV  
  42  3:49  Siege Tank  
  42  3:55  Marine  
  46  3:56  SCV  
  46  3:57  Marine  
  46  3:58  SCV  
  49  4:08  Medivac, SCV  
  52  4:10  SCV, Supply Depot  
  53  4:20  SCV  
  53  4:23  SCV, Command Center  
  55  4:37  SCV x2  
  55  4:38  Factory Reactor, Barracks x2  
  57  4:39  Marine  
  57  4:42  Stimpack  
  58  4:48  Supply Depot  
  58  4:49  SCV  
  59  4:57  Marine  
  59  4:58  Starport Reactor  
  60  5:03  SCV x2  
  60  5:06  Engineering Bay  
  62  5:07  Engineering Bay  
  62  5:08  Refinery  
  62  5:09  Refinery  
  62  5:14  Marine  
  62  5:15  SCV x2  
  65  5:27  SCV x2  
  63  5:32  Marine  
  63  5:33  Marine x2  
  63  5:35  Barracks  
  61  5:39  SCV, Barracks  
  61  5:40  Terran Infantry Armor Level 1, Terran Infantry Weapons Level 1  
  62  5:42  Orbital Command  
  62  5:45  Medivac  
  62  5:47  Marine x2  
  62  5:49  SCV  
  67  5:50  Marine  
  67  5:52  SCV  
  67  5:53  Marine x2  
  67  5:55  Factory Reactor  
  71  5:58  Supply Depot  
  71  6:05  SCV x2, Marine  
  71  6:08  Marine x2  
  71  6:11  Marine x2  
  71  6:17  SCV x2  
  72  6:23  Orbital Command, Marine  
  73  6:25  Barracks Reactor, Marine  
  73  6:26  Barracks Reactor, Marine  
  73  6:29  SCV, Marine x2  
  73  6:30  SCV  
  73  6:31  Medivac x2  
  82  6:40  Supply Depot  
  82  6:41  Supply Depot, Marine  
  82  6:42  SCV x2  
  82  6:43  Marine  
  82  6:44  Marine  
  82  6:46  Combat Shields  
  87  6:47  Marine x2  
  87  6:52  SCV  
  87  6:54  SCV x2, Widow Mine x2  
  90  6:59  Marine  
  97  7:01  Marine x2  
  97  7:02  Bunker  
  97  7:04  SCV, Supply Depot  
  97  7:06  SCV x2  
  102  7:09  Marine x3  
  102  7:10  Marine x2  
  107  7:17  SCV  
  107  7:18  SCV x2, Armory, Marine  
  107  7:19  Marine  
  107  7:21  Marine  
  107  7:22  Marine  
  114  7:27  Supply Depot  
  114  7:29  Marine x2  
  116  7:30  Marine  
  116  7:32  Supply Depot  
  116  7:34  Marine x2  
  117  7:37  Marine  
  117  7:41  Marine x2  
  117  7:42  Medivac x2  
  122  7:45  Marauder  
  122  7:48  Marine  
  122  7:49  Marine  
  122  7:54  Supply Depot  
  122  7:55  Marine x3  
  122  7:56  Marine  
  126  7:58  Marine  
  126  7:59  Marine  
  126  8:02  Barracks  
  126  8:05  Factory Tech Lab  
  128  8:09  Marine x2  
  124  8:15  Terran Infantry Armor Level 2, Terran Infantry Weapons Level 2, SCV x2  
  124  8:16  Refinery  
  124  8:17  Barracks x2  
  124  8:19  Medivac, Supply Depot  
  128  8:20  Marauder  
  128  8:22  Marine x2  
  132  8:29  Siege Tank  
  135  8:35  Supply Depot, Marine x2  
  135  8:36  Marine  
  135  8:37  Medivac  
  140  8:41  Marauder  
  140  8:43  Marine x2  
  140  8:44  Marine x2  
  140  8:47  SCV x2  
  140  8:48  Sensor Tower  
  148  8:49  SCV  
  148  8:52  Marine x2  
  148  8:55  Marine x2  
  149  8:57  Marine  
  149  8:59  Marine  
  153  9:03  Marauder  
  153  9:06  Barracks Tech Lab x2  
  153  9:10  Siege Tank, Command Center  
  153  9:13  Marine  
  153  9:15  Marine x2  
  159  9:20  Marine x2  
  159  9:21  Marine  
  164  9:24  Marauder  
  164  9:25  Supply Depot  
  164  9:32  Supply Depot  
  164  9:33  Marauder x2  
  164  9:37  Marine x2  
  170  9:38  Marine  
  170  9:39  Marine  
  172  9:46  Marine  
  172  9:47  Marauder  
  174  9:54  Marauder x2  
  178  10:01  Marine x5  
  178  10:04  Concussive Shells, Barracks  
  178  10:06  Marine x2  
  185  10:07  Marine  
  185  10:08  Marine  
  185  10:09  Marauder  
  189  10:21  Siege Tank, Medivac x2, Marine x2  
  189  10:22  Marauder  
  200  10:32  Starport  
  200  10:34  Ghost Academy  
  200  10:36  Terran Infantry Weapons Level 3, Terran Infantry Armor Level 3  
  200  10:38  Marine x2  
  200  10:46  Marauder  
  200  10:49  Marauder, Marine x2  
  195  10:50  Marine x2  
  195  10:51  Marauder, Marine x2  
  195  10:52  Marine x2  
  195  10:55  Marine  
  195  10:56  Marine  
  169  11:07  Medivac x2, Marine x3  
  169  11:08  Siege Tank, Marine x3  
  169  11:09  Marine x2  
  169  11:11  Marauder  
  171  11:13  Marauder  
  158  11:20  Planetary Fortress  
  158  11:22  Marine x3  
  158  11:25  Marauder, Marine  
  162  11:29  Starport Reactor  
  162  11:32  Marauder, Marine x2  
  164  11:34  Marauder  
  164  11:37  Marine x2  
  164  11:38  Marine x2  
  164  11:39  Widow Mine  
  170  11:42  Medivac  
  170  11:43  Medivac  
  170  11:44  Marine  
  170  11:46  Marauder  
  179  11:53  Marauder, Marine x2  
  158  11:54  Marine  
  158  11:57  Marine x2  
  158  11:58  Marauder  
  158  11:59  Marine x2  
  158  12:00  Marine  
  158  12:01  Barracks Tech Lab, Marine  
  158  12:02  Marine  
  158  12:06  Medivac x2  
  158  12:08  Marauder  
  166  12:14  Terran Ship Weapons Level 1  
  166  12:15  Marauder  
  168  12:17  Marine x3  
  168  12:18  Siege Tank  
  168  12:20  Marauder x2  
  168  12:21  Marine  
  168  12:22  Marine  
  180  12:31  Marine x2  
  180  12:32  Marine  
  183  12:37  Marauder, Marine x2  
  183  12:40  Marauder, Marine x2  
  183  12:41  Marauder, Marine x4  
  195  12:49  Marine x2  
  195  12:50  Marine  
  198  12:55  Marine x2  
  198  12:57  Missile Turret  
  199  13:13  Marine  
  199  13:18  Marauder  
  193  13:20  Marauder x2, Marine x2  
  193  13:22  Marauder, Marine  
  193  13:23  Marine x4  
  193  13:24  Marine  
  193  13:26  Medivac  
  174  13:27  Marine  
  174  13:31  Marine  
  174  13:32  Viking  
  155  13:34  Viking x2  
  155  13:37  Marine  
  155  13:38  Marine  
  155  13:40  Marauder, Marine x2  
  149  13:42  Marauder x2  
  149  13:44  Marine  
  149  13:45  Marine x2  
  149  13:46  Marine  
  154  13:56  Viking, Marauder, Marine x3  
  154  14:00  Marine x2  
  154  14:01  Marauder, Marine  
  154  14:02  Viking, Marine  
  168  14:07  Marine x2  
  168  14:08  Viking  
  168  14:09  Viking  
  175  14:15  Marauder  
  181  14:28  Marauder, Marine  
  181  14:31  Orbital Command  
  184  14:36  Marine x2  
  184  14:38  Command Center, Marine x2  
  182  14:43  Marauder x2  
  182  14:44  Marine  
  189  14:52  Marauder, Marine x2  
  193  14:53  Marine  
  193  14:54  Marine  
  193  14:57  Marine  
  196  15:00  Marine x2  
  195  15:07  Marauder  
  195  15:10  Viking x2  
  196  15:14  Viking  
  196  15:16  Marauder  
  197  15:24  Marauder  
  197  15:27  Marauder, Marine x3  
  166  15:30  Marine x2  
  166  15:32  Marauder, Marine  
  166  15:33  Marine  
  166  15:35  Marine x2  
  166  15:40  Marine x2  
  164  15:45  Viking x2  
  164  15:48  Marine x2  
  170  15:51  Viking  
  170  15:52  Viking  
  170  15:53  Marauder  
  170  15:54  Marine  
  177  16:02  Marauder  
  177  16:04  Marine x2  
  158  16:13  Marine x2  
  158  16:14  Marauder x2  
  158  16:15  Marauder, Marine x2  
  160  16:19  Marine  
  160  16:22  Marine  
  160  16:23  Marauder, Marine x2  
  139  16:26  Marine x2  
  139  16:31  Marine  
  127  16:34  Marine x2  
  127  16:35  Marauder x2  
  127  16:37  Marauder, Marine  
  127  16:39  Marine  
  137  16:40  Marine  
  137  16:43  Marine x2  
  137  16:45  Marauder, Marine  
  143  16:47  Marine  
  143  16:54  Medivac  
  146  16:57  Marauder  
  148  17:01  Medivac x2  
  148  17:03  Medivac  
  154  17:08  Marine  
  154  17:09  Marine  
  154  17:13  Marine  
  154  17:14  Marine  
  158  17:17  Marauder  
  158  17:21  Marine  
  158  17:22  Marine x2  
  163  17:24  Medivac  
  163  17:28  Marauder  
  163  17:29  Marine  
  167  17:31  Marauder  
  167  17:33  Marine  
  167  17:35  Marauder, Marine x2  
  167  17:36  Marine x2  
  148  17:38  Marauder  
  148  17:39  Marine  
  148  17:40  Marine  
  148  17:42  Marine x2  
  122  17:47  Marine  
  122  17:49  Marine  
  114  17:51  Marine  
  114  17:52  Marauder  
  114  17:53  Marine x2  
  114  17:54  Marine x2  
  114  17:57  Marine  
  113  18:01  Marauder  
  113  18:02  Marine  
  116  18:07  Marine x2  
  116  18:10  Marine x2  
  116  18:12  Medivac  
  122  18:14  Medivac  
  122  18:15  Medivac  
  122  18:16  Medivac  
  127  18:21  Marauder  
  127  18:23  Marine x2  
  127  18:25  Marine  
  132  18:28  Marauder  
  132  18:30  Marine x2  
  132  18:33  Marine  
  137  18:37  Orbital Command  
  137  18:39  Marine x2  
  131  18:41  Marine  
  118  18:48  Marine  
  119  18:55  Planetary Fortress  
  119  19:01  Marauder  
  121  19:03  Marauder  
  123  19:12  Marauder  
  123  19:13  Medivac  
  127  19:18  Medivac  
  127  19:21  Marauder  
  130  19:26  Marauder  
  130  19:29  Marine  
  133  19:31  Marine  
  133  19:35  Marauder  
  117  19:39  Marine  
  117  19:40  Marauder  
Show
View Real Time Build Order
Export as new Build Order

LiquidSnute Zerg - Winner!

Build Orders: Hatch First 

Get SALT Encoding   

  12  0:00  Drone  
  13  0:12  Overlord  
  13  0:16  Drone  
  14  0:30  Drone x2  
  14  0:34  Drone  
  17  0:51  Hatchery  
  17  0:54  Drone  
  17  0:57  Drone  
  17  1:03  Extractor  
  17  1:13  Spawning Pool  
  17  1:16  Drone  
  17  1:19  Drone  
  18  1:28  Drone  
  19  1:38  Overlord  
  19  2:00  Zergling x4, Queen  
  23  2:02  Metabolic Boost  
  23  2:03  Queen  
  25  2:10  Overlord  
  25  2:14  Drone  
  26  2:21  Drone  
  27  2:35  Drone x3  
  27  2:36  Drone  
  31  2:43  Queen  
  32  2:45  Pneumatized Carapace  
  32  2:49  Drone  
  33  2:54  Drone x2  
  35  3:00  Zergling x2  
  35  3:04  Zergling x2  
  37  3:08  Overlord  
  37  3:09  Drone x2  
  37  3:12  Drone  
  40  3:15  Drone x2  
  40  3:18  Drone  
  43  3:26  Drone x2  
  45  3:28  Drone  
  46  3:45  Overlord  
  46  3:46  Hatchery  
  46  3:48  Drone x4  
  48  3:54  Overlord, Zergling x2  
  50  4:00  Overlord, Zergling x2  
  51  4:05  Queen x2  
  55  4:11  Zergling x4  
  57  4:17  Overlord  
  57  4:20  Overlord  
  57  4:23  Zergling x8  
  61  4:30  Zergling x2  
  61  4:31  Zergling x2  
  63  4:46  Zergling x10  
  63  4:47  Queen x2  
  70  4:58  Zergling x6  
  70  4:59  Queen  
  75  5:03  Drone x3  
  78  5:08  Evolution Chamber  
  78  5:10  Evolution Chamber  
  76  5:17  Drone x3  
  76  5:18  Drone  
  77  5:22  Queen x2  
  75  5:38  Zerg Missile Weapons Level 1, Zerg Ground Armor Level 1  
  75  5:40  Drone  
  75  5:41  Drone x5  
  81  5:43  Drone  
  81  5:46  Overlord  
  81  5:48  Drone x2  
  84  5:56  Drone  
  84  5:57  Drone x2  
  87  6:03  Hatchery  
  78  6:23  Zergling x20  
  78  6:24  Zergling x4  
  78  6:25  Lair  
  86  6:27  Extractor  
  86  6:28  Roach Warren  
  86  6:29  Extractor  
  86  6:30  Extractor  
  86  6:31  Zergling x2, Extractor  
  86  6:32  Zergling x4, Extractor  
  83  6:33  Queen  
  83  6:38  Zergling x12  
  91  7:03  Drone x7  
  91  7:06  Overlord x2  
  98  7:16  Roach x3  
  104  7:26  Roach  
  104  7:27  Roach x7  
  104  7:28  Overlord  
  115  7:51  Zerg Ground Armor Level 2, Spore Crawler, Zerg Missile Weapons Level 2  
  115  7:52  Infestation Pit  
  115  7:54  Drone  
  115  7:55  Drone x12  
  126  7:59  Drone  
  126  8:00  Overlord  
  126  8:09  Extractor  
  126  8:10  Extractor  
  126  8:12  Roach x6  
  119  8:15  Ravager  
  119  8:16  Ravager x6  
  119  8:17  Ravager  
  126  8:21  Drone x2  
  128  8:30  Infestor  
  130  8:35  Drone x4  
  130  8:37  Overlord x3  
  134  8:58  Roach  
  134  8:59  Roach x12  
  160  9:03  Overlord  
  160  9:04  Overlord x2  
  160  9:09  Hive  
  160  9:11  Overlord  
  160  9:23  Infestor x3  
  166  9:26  Ravager x3  
  166  9:27  Glial Reconstitution  
  166  9:28  Roach x2  
  173  9:32  Roach  
  173  9:33  Roach x3  
  173  9:35  Overlord  
  181  9:53  Spore Crawler  
  178  10:01  Ravager  
  178  10:02  Roach x6  
  191  10:18  Overlord  
  191  10:20  Zerg Ground Armor Level 3, Zerg Missile Weapons Level 3  
  191  10:21  Spire  
  190  10:40  Roach x6  
  190  10:41  Roach x4  
  197  10:43  Ravager x3  
  186  10:53  Roach  
  186  10:54  Roach x12  
  164  11:10  Roach  
  164  11:11  Roach x9  
  177  11:18  Queen x2  
  175  11:19  Infestor x2  
  175  11:29  Ravager  
  175  11:31  Ravager  
  177  11:33  Extractor  
  177  11:36  Greater Spire  
  176  11:42  Roach  
  176  11:43  Roach x4  
  176  11:44  Zergling x12  
  176  11:46  Hatchery  
  179  11:59  Roach  
  179  12:00  Roach x4  
  183  12:02  Ravager  
  183  12:04  Ravager  
  185  12:16  Corruptor x3  
  185  12:20  Queen x2  
  185  12:21  Queen x2  
  199  12:47  Spore Crawler  
  199  12:48  Spore Crawler  
  199  12:49  Brood Lord  
  199  12:51  Spore Crawler x2  
  199  12:52  Brood Lord  
  199  12:55  Brood Lord, Spore Crawler  
  200  12:59  Zerg Melee Weapons Level 1  
  181  13:26  Roach x11  
  181  13:27  Roach x7  
  163  13:34  Roach x3  
  153  13:44  Roach x3  
  153  13:45  Ravager  
  153  13:46  Ravager  
  161  13:52  Pathogen Glands  
  161  13:55  Ravager x4  
  165  13:56  Ravager  
  166  14:20  Infestor x2  
  166  14:21  Infestor x2  
  166  14:22  Ravager  
  166  14:23  Ravager x3  
  178  14:30  Roach x7  
  178  14:31  Roach  
  194  14:36  Ravager  
  194  14:37  Zergling x2  
  194  14:38  Zergling x8  
  172  15:32  Roach x8  
  172  15:33  Zerg Melee Weapons Level 2  
  172  15:34  Zergling x26  
  199  15:43  Infestor  
  198  15:53  Spore Crawler  
  198  15:55  Spore Crawler x2  
  152  16:27  Infestor  
  152  16:28  Infestor x3  
  152  16:29  Queen x2  
  152  16:30  Zergling x2, Roach x15  
  152  16:31  Zergling x2  
  152  16:32  Queen x2  
  189  16:42  Roach x4  
  197  17:01  Ravager  
  198  17:10  Infestor  
  200  17:16  Adrenal Glands  
  138  17:44  Roach x11  
  143  17:56  Roach x5  
  151  18:03  Ravager x2  
  153  18:10  Roach  
  153  18:11  Hatchery, Roach x3  
  160  18:16  Ravager x3  
  160  18:17  Roach x4  
  171  18:33  Roach x4  
  179  18:45  Roach x7  
  179  18:46  Roach x3  
  199  18:57  Ravager  
  199  19:02  Overseer x2  
  196  19:23  Ravager x6  
Tags
 
Add a new tag
Caveats
  • Supply blocks, unpowered buildings, or Contaminate may cause inaccurate times.
  • Supply counts are checked every 10 seconds.